 Dungeon Crawl Stone Soup version 0.30-b1-2-g02819fbbbe (webtiles) character file.

Game seed: 8388688650358958834

385306 LLlMATKO the Impregnable (level 21, 0/207 HPs)
             Began as a Minotaur Berserker on May 12, 2023.
             Was a High Priest of Trog.
             Slain by a titan (15 damage)
             ... while petrified by an ancient lich
             ... on level 4 of the Vaults on May 14, 2023.
             The game lasted 01:11:28 (52217 turns).

LLlMATKO the Impregnable (Minotaur Berserker)      Turns: 52217, Time: 01:11:28

Health: 0/207      AC: 43    Str: 31    XL:     21   Next: 98%
Magic:  20/20      EV:  2    Int: 10    God:    Trog [*****.]
Gold:   2202       SH:  0    Dex: 15    Spells: 20/20 levels left

rFire   . . .        A - +8 war axe "Zoij" {flame, Fly}
rCold   + . .        Z - +18 shield of the Gong {Loud rN+ Will+ rCorr EV-5}
rNeg    + + +        W - +10 plate armour {ponderous}
rPois   ∞            g - +0 hat
rElec   +            y - +1 cloak {rPois}
rCorr   +            C - +2 pair of gloves {Str+3}
SInv    .            s - +3 pair of seven-league boots {Rampage+∞}
Will    +++..        t - amulet of reflection Stlth
                     J - ring of Temptation {rElec rC+ Int+6 Slay+3 Stlth+}
HPRegen 0.54/turn    F - ring of willpower
MPRegen 0.17/turn

%: reflection, rampage+∞
@: petrified, on berserk cooldown, flying, slowed, studying Invocations, slow
A: horns 2, retaliatory headbutt, screaming 1, teleportitis 1
}: 2/15 runes: decaying, gossamer
a: Renounce Religion, Berserk, Trog's Hand, Brothers in Arms


You were on level 4 of the Vaults.
You worshipped Trog.
Trog was extremely pleased with you.
You visited 6 branches of the dungeon, and saw 35 of its levels.
You also visited: Ossuary, Gauntlet, Ice Cave and Volcano.

You collected 5942 gold pieces.
You spent 3740 gold pieces at shops.

Inventory:

Hand Weapons
 n - a +4 heavy war axe
 r - a +1 war axe of flaming
 A - the +8 war axe "Zoij" (weapon) {flame, Fly}
   (Trog gifted it to you on level 3 of the Vaults)

   Fly:       It grants you flight.
 Y - the +6 war axe of Grandeur {flame, rF+}
   (Trog gifted it to you on level 4 of the Vaults)

   rF:        It protects you from fire.
Missiles
 p - 75 poisoned darts (quivered)
 u - 4 silver javelins
 w - 3 datura-tipped darts
 V - 5 curare-tipped darts
 X - 6 atropa-tipped darts
Armour
 g - a +0 hat (worn)
 s - the +3 pair of seven-league boots (worn) {Rampage+∞}
   (You found it on level 4 of the Spider Nest)

   Rampage+∞: When moving toward enemies, its wearer moves as far as possible.
 y - a +1 cloak of poison resistance (worn)
 C - a +2 pair of gloves of strength (worn)
 Q - a scarf of repulsion
 W - a +10 plate armour of ponderousness (worn)
 Z - the +18 shield of the Gong (worn) {Loud rN+ Will+ rCorr EV-5}
   (You bought it in a shop on level 2 of the Orcish Mines)

   Loud:      It is deafeningly noisy when blocking attacks.
   EV:        It affects your evasion (-5).
   rN:        It protects you from negative energy.
   rCorr:     It protects you from acid and corrosion.
   Will:      It increases your willpower.
Jewellery
 t - an amulet of reflection (around neck)
 E - a ring of resist corrosion
 F - a ring of willpower (right hand)
 I - a ring of flight
 J - the ring of Temptation (left hand) {rElec rC+ Int+6 Slay+3 Stlth+}
   (You found it on level 1 of the Orcish Mines)

   [ring of intelligence]

   Int:       It affects your intelligence (+6).
   Slay:      It affects your accuracy & damage with ranged weapons and melee
   (+3).
   rC:        It protects you from cold.
   rElec:     It insulates you from electricity.
   Stlth:     It makes you more stealthy.
 L - the ring of Pollis {Contam rC+ rN+ Int+4 Dex+4}
   (You took it off a vampire on level 7 of the Dungeon)

   [ring of positive energy]

   Int:       It affects your intelligence (+4).
   Dex:       It affects your dexterity (+4).
   rC:        It protects you from cold.
   rN:        It protects you from negative energy.
   Contam:    It causes magical contamination when unequipped.
 O - the amulet of Recim {rC+ Regen+ rCorr Str+8}
   (You found it on level 7 of the Dungeon)

   [amulet of regeneration]

   Str:       It affects your strength (+8).
   rC:        It protects you from cold.
   Regen:     It increases your rate of health regeneration.
   rCorr:     It protects you from acid and corrosion.
Wands
 i - a wand of acid (17)
 B - a wand of roots (52)
 G - a wand of digging (13)
 M - a wand of flame (61)
 R - a wand of paralysis (26)
 S - a wand of polymorph (20)
 U - a wand of mindburst (37)
Scrolls
 a - 38 scrolls of identify
 c - 4 scrolls of silence
 e - 7 scrolls of poison
 f - 5 scrolls of butterflies
 k - 2 scrolls of enchant armour
 v - 5 scrolls of fear
 x - 8 scrolls of immolation
 z - 2 scrolls of enchant weapon
 D - 19 scrolls of teleportation
 H - a scroll of magic mapping
 N - 3 scrolls of fog
 P - 8 scrolls of blinking
Potions
 b - 3 potions of resistance
 d - 11 potions of haste
 h - 12 potions of flight
 j - 13 potions of ambrosia
 l - 15 potions of curing
 m - 5 potions of might
 o - 10 potions of heal wounds
 q - 6 potions of cancellation
 K - 5 potions of magic
 T - 5 potions of invisibility


   Skills:
 + Level 22.1 Fighting
 + Level 22.1 Axes
 + Level 23.9 Armour
 + Level 20.3 Dodging
 + Level 20.9 Shields


You had 20 spell levels left.
You didn't know any spells.
Your spell library was empty.

Dungeon Overview and Level Annotations

Branches:
Dungeon (15/15)            Temple (0/1) D:7            Lair (5/5) D:9
  Swamp (4/4) Lair:2       Spider (4/4) Lair:3        Slime (0/5) Lair:5
    Orc (2/2) D:11            Elf (0/3) Orc:2        Vaults (5/5) D:13
  Crypt (0/3) Vaults:2     Depths (0/4) D:15        Ossuary (visited)
  IceCv (visited)         Volcano (visited)         Gauntlet (visited)

Altars:
Qazlal
Sif Muna
Xom
The Shining One
Jiyva

Shops:
D:1 [   D:5 (   D:9 [   Orc:1 =:   Orc:2 =?[(   Vaults:1 :

Portals:
Trove: Vaults:1 (give +5 demon trident)

Annotations:
Vaults:3 2 transporters


Innate Abilities, Weirdness & Mutations

You have a pair of horns on your head.
You reflexively headbutt those who attack you in melee.
You occasionally shout uncontrollably at your foes.
You are occasionally teleported next to monsters.


Message History

You slash the frost giant! You burn the frost giant.
You kill the frost giant!
Trog accepts your kill.
Trog appreciates your killing of a magic user.
You slash the titan! You burn the titan.
The titan points at you and mumbles some strange words.
The bolt of lightning hits you. You resist.
* * * LOW HITPOINT WARNING * * *
The ancient lich touches you but does no damage.
Your limbs are stiffening.
Unknown command.
You slash the ancient lich! You burn the ancient lich.
Your headbutt misses the ancient lich.
The ancient lich is heavily damaged.
You hit the titan. You burn the titan. You block the titan's attack.
GONNNNG!
You block the ancient lich's attack.
PANG!
You block the titan's attack.
GONNNNG!
The ancient lich closely misses you.
You have turned to stone.
The titan gestures wildly while chanting.
The titan is healed somewhat.
The ancient lich gestures at you while chanting.
The bolt of acid hits you! You resist.
* * * LOW HITPOINT WARNING * * *
The titan hits you!
* * * LOW HITPOINT WARNING * * *
The ancient lich barely misses you. The titan hits you but does no damage.
The ancient lich touches you.
* * * LOW HITPOINT WARNING * * *
The titan waves its arms in wide circles.
The air twists around and strikes you!!!
* * * LOW HITPOINT WARNING * * *
The ancient lich points at you and mumbles some strange words.
You resist with almost no effort. The titan hits you but does no damage.
The ancient lich touches you.
* * * LOW HITPOINT WARNING * * *
The titan hits you!!
You die...

###.#.#.#.#[#
..#.#.#.#.#[#
###########.#
#...#.......#
###.###.###.#########
..#.#.....#.#.......#
###.###.###.#.......#
..#.......#.'..[L[..#
###########.#..)@[..#
..#.#.#.#.#.#..C[)..#
###.#.#.#.#.#.......#
............#########
############# ..# ..#
..######## ..#......#


You could see a titan and an ancient lich.

Vanquished Creatures
  An ancient lich (Vaults:5)
  3 dread liches
  Sojobo (Vaults:4)
  Xtahua (Vaults:4)
  3 golden dragons
  Nikola (Swamp:2)
  Arachne (Spider:4)
  A bone dragon (Vaults:2)
  Jorgrun (Orc:2)
  3 tentacled monstrosities
  2 liches (Vaults:4)
  Asterion (Spider:2)
  The ghost of phunky83 the Wrestler, an adept TrFi of Jiyva (Spider:2)
  6 titans
  A quicksilver dragon (Vaults:5)
  2 sphinxes
  4 storm dragons
  Kirke (Swamp:2)
  3 shadow dragons
  6 tengu reavers
  Donald (Spider:1)
  3 fire giants
  20 vault wardens
  9 emperor scorpions
  3 frost giants
  3 deep elf sorcerers
  4 ghost moths
  Aizul (Vaults:1)
  3 ghouls (Swamp:1)
  The ghost of Bananafolds the Warrior, a journeyman MfSk of Makhleb (Lair:4)
  3 orc warlords
  7 broodmothers
  8 very ugly things
  10 ironbound preservers
  4 stone giants
  13 ironbound thunderhulks
  4 eleionomae
  3 spark wasps
  4 bunyips
  4 dire elephants
  A crystal guardian (Vaults:3)
  5 ettins
  A fire dragon (Lair:5)
  2 deep elf death magi
  2 blizzard demons (IceCv)
  2 green deaths (Swamp:4)
  A shambling mangrove (Swamp:4)
  Snorg (D:10)
  8 great orbs of eyes
  4 entropy weavers
  Josephine (Orc:2)
  19 yaktaur captains
  Fannar (Lair:3)
  12 hydras
  2 deep elf high priests
  Erolcha (Orc:2)
  A hell beast (Swamp:4)
  A peacekeeper (Vaults:3)
  11 centaur warriors
  27 vault guards
  6 boulder beetles
  16 alligators
  2 ghost crabs
  9 two-headed ogres
  3 ogre magi
  2 catoblepae
  An anaconda (Lair:5)
  A death knight (D:15)
  6 ironbound frosthearts
  A radroach (Spider:4)
  8 death yaks
  A spriggan berserker (Swamp:1)
  An orc high priest (Orc:2)
  The ghost of Armakuni the Destroyer, a novice DgRe (Orc:1)
  A tengu warrior (D:15)
  Urug (Lair:4)
  6 skeletal warriors
  A skyshark (Lair:4)
  A fire crab (shapeshifter) (Vaults:3)
  A sixfirhy (Gauntlet)
  Amaemon (Lair:2)
  5 pharaoh ants
  4 sun moths
  6 orb spiders
  7 spriggan druids
  2 obsidian statues
  10 swamp dragons
  An orange crystal statue (Vaults:3)
  18 deep trolls
  6 spriggan simulacra (IceCv)
  13 bog bodies
  4 wizards
  8 phantasmal warriors
  19 ironbound convokers
  16 orc knights
  Pikel (D:4)
  5 harpies
  An anaconda skeleton (Volcano)
  7 wolf spider zombies (Spider:2)
  9 lindwurms
  10 steelbarb worms
  2 necromancers
  An orc sorcerer (Orc:1)
  4 cyclopes
  27 wolf spiders
  19 ugly things
  2 moths of wrath
  A moth of wrath (shapeshifter) (Vaults:3)
  11 elephants (Lair:5)
  9 spectral spriggans (Swamp:1)
  4 will-o-the-wisps
  A frost giant skeleton (Vaults:2)
  11 vault sentinels
  3 manticores
  4 black mambas
  11 torpor snails
  A water nymph (shapeshifter) (Vaults:4)
  8 gargoyles
  8 demonic crawlers
  4 orange demons
  8 cane toads
  A tengu conjurer (D:13)
  7 komodo dragons
  13 freezing wraiths
  An anaconda simulacrum (IceCv)
  3 rime drakes
  33 yaktaurs
  2 golden dragon simulacra (IceCv)
  11 ice devils (IceCv)
  9 redback zombies (Spider:2)
  A queen bee (shapeshifter) (Vaults:3)
  10 trolls
  2 queen bees
  A wolf spider simulacrum (Gauntlet)
  A bloated husk (Swamp:1)
  16 hornets
  11 polar bears
  15 tyrant leeches
  23 blink frogs
  3 culicivora zombies (Spider:2)
  21 tarantellas
  A tarantella (shapeshifter) (Vaults:5)
  A harpy skeleton (Volcano)
  Grinder (D:4)
  5 tarantella zombies (Spider:2)
  A spectral dream sheep (Lair:4)
  A stone giant simulacrum (Vaults:2)
  A human simulacrum (Vaults:2)
  31 slime creatures
  2 alligator skeletons (Volcano)
  An ettin skeleton (Vaults:2)
  3 flying skulls (Volcano)
  2 vampires
  6 spriggans
  A shadow (Swamp:4)
  6 wraiths
  15 culicivoras
  24 jumping spiders
  81 yaks
  3 centaur simulacra
  4 basilisks
  5 wyverns
  A dire elephant simulacrum (IceCv)
  5 neqoxecs (Orc:1)
  7 hogs (Swamp:2)
  A basilisk (shapeshifter) (D:13)
  Eustachio (D:3)
  An elf simulacrum (Vaults:2)
  7 minotaur simulacra (IceCv)
  2 steam dragons
  A spectral cane toad (Lair:4)
  40 redbacks
  10 vampire mosquitoes
  Menkaure (D:5)
  2 death yak simulacra (Lair:4)
  2 harpy simulacra
  9 wargs
  15 swamp worms
  3 large abominations (Swamp:4)
  15 water moccasins
  2 acid dragons
  2 hydra simulacra
  Duvessa (D:7)
  15 hell hounds (Lair:5)
  A swamp drake (Swamp:1)
  27 orc warriors
  A sky beast (D:7)
  4 ice beasts
  12 black bears
  4 alligator simulacra (IceCv)
  A black mamba simulacrum (Lair:4)
  4 boggarts (Vaults:2)
  7 ogres
  29 wolves
  A wolf (shapeshifter) (Vaults:3)
  22 centaurs
  The ghost of hubahurr the Grave Robber, an amateur HuNe (D:3)
  3 phantoms
  2 lemures (D:4)
  9 kobold brigands
  16 bullfrogs
  5 scorpions
  A gnoll sergeant (D:8)
  5 deep troll simulacra (IceCv)
  9 wights
  Dowan (D:7)
  17 killer bees
  2 lindwurm simulacra (IceCv)
  5 howler monkeys
  2 troll skeletons (Volcano)
  2 spriggan skeletons (Volcano)
  12 electric eels
  5 jellies
  5 centaur zombies (Ossuary)
  A human zombie (Ossuary)
  3 quasits (Orc:1)
  3 hounds
  10 orc priests
  An iron imp (D:14)
  3 sleepcaps
  2 iguanas
  12 orc wizards
  3 naga skeletons (Volcano)
  A boggart simulacrum (Gauntlet)
  7 mummies (Ossuary)
  Robin (D:4)
  13 gnolls
  7 adders
  4 white imps
  4 ufetubi
  3 adder zombies (Ossuary)
  6 worms
  2 dart slugs
  52 orcs
  7 ball pythons
  6 endoplasms
  9 giant cockroaches
  14 goblins
  10 hobgoblins
  3 jackals (D:3)
  3 quokkas (D:1)
  A bat (D:2)
  2 frilled lizards
  3 goblin zombies (Ossuary)
  2 hobgoblin zombies (Ossuary)
  21 kobolds
  4 kobold zombies (Ossuary)
  2 orc zombies (Ossuary)
  6 quokka zombies (Ossuary)
  2 rats (D:2)
  4 rat zombies (Ossuary)
  3 spectral weapons
1592 creatures vanquished.

Vanquished Creatures (collateral kills)
  A titan (Vaults:5)
  Roxanne (Spider:1)
  A storm dragon (Vaults:5)
  A tengu reaver (Vaults:5)
  A vault warden (Vaults:5)
  An emperor scorpion (Spider:1)
  A stone giant (Vaults:5)
  An ironbound thunderhulk (Vaults:2)
  The ghost of diceflayer the Marksdemonspawn, a journeyman DsHu of Okawaru (D:12)
  A minotaur (Gauntlet)
  A deep elf death mage (Vaults:5)
  2 vault guards (Vaults:5)
  A hydra (Swamp:2)
  2 alligators (Swamp:4)
  A pharaoh ant (Spider:3)
  A swamp dragon (Swamp:4)
  An orb spider (Spider:1)
  An orc knight (Orc:2)
  2 will-o-the-wisps
  A vault sentinel (Vaults:5)
  An orange demon (Swamp:4)
  A yaktaur (Vaults:5)
  2 kobold demonologists (D:14)
  A hornet (Swamp:4)
  A tarantella (Spider:2)
  A tyrant leech (Swamp:2)
  A jumping spider (Spider:2)
  2 redbacks (Spider:2)
  A swamp drake (Swamp:2)
  3 orc warriors (Orc:2)
  A centaur (Orc:2)
  2 kobold brigands (D:14)
  A quasit (D:14)
  2 white imps (D:14)
  2 orcs (D:3)
  A kobold (D:14)
  A spectral weapon (Spider:2)
47 creatures vanquished.

Vanquished Creatures (others)
  Nessos (Lair:5)
  An alligator (Swamp:1)
  A goliath frog (Swamp:3)
  A spriggan druid (Swamp:3)
  A hornet (Swamp:4)
  9 bloated husks
  A spectral dream sheep (Lair:4)
  4 spriggans
  2 redbacks (Spider:3)
  2 swamp worms
  A swamp drake (Swamp:1)
  A kobold (D:10)
  A bush (D:14)
  18 foxfires
  37 fungi
  70 plants
151 creatures vanquished.

Grand Total: 1790 creatures vanquished

Notes
Turn   | Place    | Note
-------+----------+-------------------------------------------
     0 | D:1      | LLlMATKO the Minotaur Berserker began the quest for the
                  | Orb.
     0 | D:1      | Reached XP level 1. HP: 19/19 MP: 0/0
    33 | D:1      | Reached XP level 2. HP: 14/27 MP: 1/1
   360 | D:1      | Reached skill level 3 in Armour
   419 | D:1      | Found Weduss's Antique Armour Shoppe.
   496 | D:1      | Reached XP level 3. HP: 32/33 MP: 2/2
  1271 | D:2      | Reached XP level 4. HP: 41/41 MP: 3/3
  1327 | D:2      | Reached ** piety under Trog
  1998 | D:3      | Found a runed translucent gate.
  1998 | D:3      | Noticed hubahurr's ghost (amateur HuNe)
  2092 | D:3      | Found a runed translucent gate.
  2092 | D:3      | Found a runed translucent gate.
  2093 | D:3      | Identified the +7 whip of Onkahio {protect, rF+}
  2093 | D:3      | Identified the +2 chain mail "Erchees" {*Slow rElec rC++}
  2163 | D:3      | Reached XP level 5. HP: 47/47 MP: 4/4
  2323 | D:3      | Found a shimmering blue altar of Sif Muna.
  2948 | D:4      | Noticed Pikel
  2948 | D:4      | Noticed a lemure
  2948 | D:4      | Noticed a lemure
  2948 | D:4      | Noticed a lemure
  2948 | D:4      | Noticed a lemure
  2954 | D:4      | Killed a lemure
  2958 | D:4      | Killed Pikel
  2958 | D:4      | Killed a lemure
  2959 | D:4      | Reached skill level 5 in Axes
  2959 | D:4      | Reached skill level 5 in Armour
  2959 | D:4      | Reached XP level 6. HP: 11/57 MP: 5/5
  2959 | D:4      | Reached XP level 7. HP: 12/63 MP: 6/6
  3197 | D:4      | Found a sand-covered staircase.
  3232 | Ossuary  | Entered an ossuary
  3311 | Ossuary  | Reached *** piety under Trog
  3346 | Ossuary  | Reached skill level 5 in Dodging
  3980 | D:4      | Noticed Grinder
  3986 | D:4      | Killed Grinder
  3987 | D:4      | Reached skill level 6 in Armour
  3987 | D:4      | Reached XP level 8. HP: 71/71 MP: 7/7
  4158 | D:4      | Noticed Eustachio
  4159 | D:4      | Noticed Robin
  4196 | D:3      | Killed Eustachio
  4337 | D:4      | Killed Robin
  4342 | D:4      | Reached **** piety under Trog
  4822 | D:5      | Entered Level 5 of the Dungeon
  4911 | D:5      | Noticed Menkaure
  4918 | D:5      | Killed Menkaure
  5040 | D:5      | Found Ciuvoixt's Antique Weapon Shoppe.
  5064 | D:5      | Reached skill level 7 in Armour
  5565 | D:5      | Reached XP level 9. HP: 81/81 MP: 8/8
  5947 | D:6      | Reached skill level 1 in Shields
  6363 | D:6      | Reached skill level 8 in Armour
  7212 | D:7      | Noticed Duvessa
  7212 | D:7      | Noticed Dowan
  7213 | D:7      | Found a staircase to the Ecumenical Temple.
  7223 | D:7      | Killed Duvessa
  7228 | D:7      | Killed Dowan
  7585 | D:7      | Noticed a troll
  7585 | D:7      | Noticed a green ugly thing
  7587 | D:7      | Noticed a two-headed ogre
  7593 | D:7      | Killed a two-headed ogre
  7594 | D:7      | Reached XP level 10. HP: 80/91 MP: 9/9
  7597 | D:7      | Killed a green ugly thing
  7598 | D:7      | Reached skill level 9 in Armour
  7680 | D:7      | Identified the ring of Pollis {Contam rC+ rN+ Int+4 Dex+4}
  7976 | D:7      | Reached skill level 5 in Shields
  8304 | D:7      | Identified the amulet of Recim {rC+ Regen+ rCorr Str+8}
  8535 | D:8      | Paralysed by a hornet for 3 turns
  8541 | D:8      | Reached skill level 10 in Fighting
  8727 | D:8      | Reached skill level 10 in Axes
  9442 | D:9      | Found Xifith's Armour Boutique.
  9464 | D:9      | Found a staircase to the Lair.
  9537 | D:9      | Reached skill level 10 in Armour
  9537 | D:9      | Reached XP level 11. HP: 70/101 MP: 10/10
  9757 | D:9      | Paralysed by a hornet for 1 turns
  9916 | D:9      | You fall into a shaft and drop 2 floors!
  9923 | D:10     | Entered Level 10 of the Dungeon
  9925 | D:10     | Noticed Snorg
  9939 | D:10     | Killed Snorg
 11277 | D:10     | Noticed a two-headed ogre
 11284 | D:10     | Killed a two-headed ogre
 12363 | D:9      | Reached skill level 10 in Dodging
 12557 | D:9      | Reached skill level 11 in Armour
 12704 | D:9      | Paralysed by a hornet for 2 turns
 12995 | D:9      | Found Xifith's Armour Boutique.
 13026 | D:9      | Found a staircase to the Lair.
 13982 | D:11     | Found a shimmering altar of Xom.
 13984 | D:11     | Found a shimmering altar of Xom.
 14118 | D:11     | Noticed a two-headed ogre
 14126 | D:11     | Killed a two-headed ogre
 14167 | D:11     | Found a staircase to the Orcish Mines.
 14691 | D:11     | Noticed a two-headed ogre
 14698 | D:11     | Killed a two-headed ogre
 14699 | D:11     | Reached XP level 12. HP: 65/111 MP: 11/11
 14940 | D:12     | Noticed a two-headed ogre
 14948 | D:12     | Killed a two-headed ogre
 15032 | D:12     | Found a stormy altar of Qazlal.
 15336 | D:12     | Found a runed translucent door.
 15339 | D:12     | Noticed diceflayer's ghost (journeyman DsHu)
 15356 | D:12     | Killed diceflayer's ghost
 15646 | D:13     | Noticed a catoblepas
 15657 | D:13     | Killed a catoblepas
 15860 | D:13     | Noticed a two-headed ogre
 15872 | D:13     | Killed a two-headed ogre
 15986 | D:13     | Noticed a two-headed ogre
 15997 | D:13     | Killed a two-headed ogre
 15998 | D:13     | Reached skill level 12 in Armour
 16242 | D:13     | Noticed a centaur warrior
 16266 | D:13     | Killed a centaur warrior
 16590 | D:13     | Noticed a two-headed ogre
 16591 | D:13     | Found a gate to the Vaults.
 16592 | D:13     | Noticed an ogre mage
 16592 | D:13     | Noticed a two-headed ogre
 16598 | D:13     | Killed a two-headed ogre
 16599 | D:13     | Killed a two-headed ogre
 16601 | D:13     | Killed an ogre mage
 16604 | D:13     | Reached skill level 10 in Shields
 16956 | D:13     | Found a gate to the Vaults.
 17422 | D:14     | Found a viscous altar of Jiyva.
 17423 | D:14     | Noticed a centaur warrior
 17440 | D:14     | Killed a centaur warrior
 17441 | D:14     | Reached XP level 13. HP: 99/119 MP: 12/12
 17871 | D:14     | Identified a scroll of acquirement
 17871 | D:14     | Acquired a manual of Armour
 18617 | Lair:1   | Entered Level 1 of the Lair of Beasts
 18796 | Lair:1   | Found a dark tunnel.
 18972 | Volcano  | Entered a volcano
 19038 | Volcano  | Reached skill level 13 in Armour
 19871 | Lair:1   | Reached ***** piety under Trog
 20443 | Lair:2   | Reached skill level 14 in Armour
 20855 | Lair:2   | You fall into a shaft and drop 2 floors!
 20902 | Lair:4   | Received a gift from Trog
 21130 | Lair:2   | Noticed Amaemon
 21140 | Lair:2   | Killed Amaemon
 21352 | Lair:2   | Reached XP level 14. HP: 119/132 MP: 13/13
 21427 | Lair:2   | Found a staircase to the Swamp.
 21685 | D:3      | Killed hubahurr's ghost
 22099 | Lair:3   | Noticed Fannar
 22121 | Lair:3   | Killed Fannar
 22122 | Lair:3   | Reached skill level 15 in Armour
 22207 | Lair:3   | Found a hole to the Spider Nest.
 22486 | Lair:4   | Noticed Urug
 22507 | Lair:4   | Killed Urug
 23198 | Lair:4   | Found a runed translucent gate.
 23198 | Lair:4   | Found a runed translucent gate.
 23203 | Lair:4   | Found a runed translucent gate.
 23206 | Lair:4   | Noticed Bananafolds's ghost (journeyman MfSk)
 23653 | Lair:4   | Killed Bananafolds's ghost
 23718 | Lair:5   | Entered Level 5 of the Lair of Beasts
 23844 | Lair:5   | Reached skill level 16 in Armour
 23891 | Lair:5   | Noticed Nessos
 23908 | Lair:5   | Killed Nessos
 24276 | Lair:5   | Reached skill level 15 in Fighting
 24277 | Lair:5   | Reached skill level 15 in Axes
 24529 | Lair:5   | Received a gift from Trog
 24583 | Lair:5   | Reached XP level 15. HP: 135/141 MP: 14/14
 24692 | Lair:5   | Reached skill level 17 in Armour
 24770 | Lair:5   | Found a viscous altar of Jiyva.
 24771 | Lair:5   | Found a staircase to the Slime Pits.
 24824 | Lair:5   | Found a runed translucent door.
 26375 | Orc:1    | Entered Level 1 of the Orcish Mines
 26519 | Orc:1    | Noticed Armakuni's ghost (novice DgRe)
 26531 | Orc:1    | Found a transporter.
 26536 | Orc:1    | Found a transporter.
 26572 | Orc:1    | Reached ****** piety under Trog
 26579 | Orc:1    | Received a gift from Trog
 26593 | Orc:1    | Found Dieby's Vocational Training.
 26730 | Orc:1    | Found a transporter.
 26730 | Orc:1    | Found Wouteof's Jewellery Shoppe.
 26755 | Orc:1    | Found a transporter.
 27072 | Orc:1    | Gained mutation: You are occasionally teleported next to
                  | monsters. [a neqoxec]
 27078 | Orc:1    | Killed Armakuni's ghost
 27081 | Orc:1    | Gained mutation: You occasionally shout uncontrollably at
                  | your foes. [a neqoxec]
 27086 | Orc:1    | Identified the ring of Temptation {rElec rC+ Int+6 Slay+3
                  | Stlth+}
 27155 | Orc:2    | Entered Level 2 of the Orcish Mines
 27220 | Orc:2    | Found a staircase to the Elven Halls.
 27239 | Orc:2    | Noticed Jorgrun
 27256 | Orc:2    | Killed Jorgrun
 27308 | Orc:2    | Noticed Erolcha
 27323 | Orc:2    | Killed Erolcha
 27339 | Orc:2    | Reached skill level 18 in Armour
 27374 | Orc:2    | Noticed Josephine
 27384 | Orc:2    | Killed Josephine
 27629 | Orc:2    | Found a gate leading to a gauntlet.
 27660 | Gauntlet | Entered a Gauntlet
 27660 | Gauntlet | Found a transporter.
 27660 | Gauntlet | Found a transporter.
 27923 | Gauntlet | Found a transporter.
 27924 | Gauntlet | Found a transporter.
 27924 | Gauntlet | Found a transporter.
 27927 | Gauntlet | Found a transporter.
 27933 | Gauntlet | Found a transporter.
 27935 | Gauntlet | Found a transporter.
 27936 | Gauntlet | Found a transporter.
 27938 | Gauntlet | Found a transporter.
 27946 | Gauntlet | Found a transporter.
 27946 | Gauntlet | Found a transporter.
 28318 | Gauntlet | Identified the +0 plate armour of the Engineer {rN+}
 28321 | Gauntlet | Identified the +0 pair of boots "Sipoj" {rF- rC+ Str+3
                  | SInv}
 28758 | Orc:2    | Found Uzypne's Antique Armour Shoppe.
 28758 | Orc:2    | Found Kuixtez's Magic Scroll Shop.
 28760 | Orc:2    | Found Xouk's Jewellery Boutique.
 28762 | Orc:2    | Found Nevam's Weapon Emporium.
 29085 | D:15     | Entered Level 15 of the Dungeon
 29136 | D:15     | Found a frozen archway.
 29156 | IceCv    | Entered an ice cave
 29233 | IceCv    | Received a gift from Trog
 29428 | IceCv    | Reached XP level 16. HP: 118/151 MP: 15/15
 29738 | IceCv    | Identified the +3 ring mail "Nostixt" {Int+4}
 29944 | IceCv    | Reached skill level 15 in Dodging
 30087 | IceCv    | Reached skill level 19 in Armour
 30368 | D:15     | Found a glowing golden altar of the Shining One.
 30908 | D:15     | Found a staircase to the Depths.
 31229 | Swamp:1  | Entered Level 1 of the Swamp
 31465 | Swamp:1  | Reached skill level 15 in Shields
 31474 | Swamp:1  | Received a gift from Trog
 33137 | Swamp:2  | Received a gift from Trog
 33279 | Swamp:2  | Noticed Kirke
 33301 | Swamp:2  | Killed Kirke
 33438 | Swamp:2  | Noticed Nikola
 33470 | Swamp:2  | Killed Nikola
 33471 | Swamp:2  | Reached XP level 17. HP: 64/161 MP: 16/16
 34545 | Swamp:3  | Identified the +6 chain mail of Subjectivity {Harm rPois}
 34932 | Swamp:4  | Entered Level 4 of the Swamp
 34948 | Swamp:4  | Reached skill level 20 in Armour
 34985 | Swamp:4  | Noticed a tentacled monstrosity
 35054 | Swamp:4  | Killed a tentacled monstrosity
 36487 | Swamp:4  | Got a decaying rune of Zot
 36897 | Orc:2    | Bought the +18 shield of the Gong {Loud rN+ Will+ rCorr
                  | EV-5} for 3740 gold pieces
 36897 | Orc:2    | Found the +18 shield of the Gong {Loud rN+ Will+ rCorr
                  | EV-5}
 37072 | Spider:1 | Entered Level 1 of the Spider Nest
 37072 | Spider:1 | Identified Roxanne's Omnibus of the Valley
 37072 | Spider:1 | Noticed Roxanne
 37093 | Spider:1 | Received a gift from Trog
 37339 | Spider:1 | Noticed Donald
 37349 | Spider:1 | Killed Donald
 37368 | Spider:1 | Reached XP level 18. HP: 113/173 MP: 17/17
 37376 | Spider:1 | Killed Roxanne
 38192 | Spider:2 | Noticed Asterion
 38211 | Spider:2 | Killed Asterion
 39255 | Spider:2 | Found a runed translucent gate.
 39255 | Spider:2 | Found a runed translucent gate.
 39256 | Spider:2 | Found a runed translucent gate.
 39259 | Spider:2 | Noticed phunky83's ghost (adept TrFi)
 39284 | Spider:2 | Killed phunky83's ghost
 39285 | Spider:2 | Reached skill level 21 in Armour
 39294 | Spider:2 | Acquired 993 gold pieces
 40034 | Spider:3 | Identified the staff of death "Utzax" {*Slow rElec rN+
                  | Str+4}
 40497 | Spider:4 | Entered Level 4 of the Spider Nest
 40662 | Spider:4 | Received a gift from Trog
 41150 | Spider:4 | Noticed Arachne
 41167 | Spider:4 | Killed Arachne
 41511 | Spider:4 | Reached XP level 19. HP: 183/183 MP: 18/18
 41776 | Spider:4 | Found the +3 pair of seven-league boots {Rampage+∞}
 42355 | Spider:4 | Identified the scarf of Byechy {+Inv, +Blink Str+2 Int+3}
 42420 | Spider:4 | Got a gossamer rune of Zot
 42940 | Vaults:1 | Entered Level 1 of the Vaults
 43066 | Vaults:1 | Received a gift from Trog
 43207 | Vaults:1 | Found Raill's Book Emporium.
 43211 | Vaults:1 | Noticed Aizul
 43218 | Vaults:1 | Killed Aizul
 43268 | Vaults:1 | Identified the +5 triple crossbow "Utesegh" {heavy, Will+
                  | Str+2}
 43562 | Vaults:1 | Found a portal to a secret trove of treasure.
 44309 | Vaults:2 | Noticed a bone dragon
 44321 | Vaults:2 | Killed a bone dragon
 44466 | Vaults:2 | Found a staircase to the Crypt.
 44506 | Vaults:2 | Reached skill level 22 in Armour
 45481 | Vaults:3 | Received a gift from Trog
 45952 | Vaults:2 | Found a staircase to the Crypt.
 46756 | Vaults:3 | Reached XP level 20. HP: 190/193 MP: 19/19
 47236 | Vaults:3 | Found a transporter.
 47245 | Vaults:3 | Found a transporter.
 47551 | Vaults:3 | Identified the +8 war axe "Zoij" {flame, Fly} (Trog gifted
                  | it to you on level 3 of the Vaults)
 47551 | Vaults:3 | Received a gift from Trog
 48469 | Vaults:4 | Noticed Xtahua
 48490 | Vaults:4 | Killed Xtahua
 49042 | Vaults:4 | Reached skill level 23 in Armour
 49265 | Vaults:4 | Noticed Sojobo
 49279 | Vaults:4 | Killed Sojobo
 50551 | Vaults:5 | Entered Level 5 of the Vaults
 50604 | Vaults:4 | Identified the +6 war axe of Grandeur {flame, rF+} (Trog
                  | gifted it to you on level 4 of the Vaults)
 50604 | Vaults:4 | Received a gift from Trog
 50605 | Vaults:4 | Reached XP level 21. HP: 145/204 MP: 20/20
 50871 | Vaults:5 | Noticed a dread lich
 50871 | Vaults:5 | Noticed a golden dragon
 51020 | Vaults:5 | Noticed a golden dragon
 51094 | Vaults:4 | Killed a dread lich
 51203 | Vaults:4 | Killed a golden dragon
 51273 | Vaults:5 | Killed a golden dragon
 51276 | Vaults:5 | Received a gift from Trog
 51789 | Vaults:5 | Identified the +9 flail of the Land of Plenty {heavy,
                  | Dex+3}
 52137 | Vaults:5 | Noticed an ancient lich
 52151 | Vaults:5 | Killed an ancient lich
 52174 | Vaults:5 | Noticed a dread lich
 52176 | Vaults:5 | Received a gift from Trog
 52177 | Vaults:5 | Noticed a golden dragon
 52177 | Vaults:5 | Identified the +7 war axe of Blue Valiance {heavy, Fly
                  | Will+}
 52178 | Vaults:5 | Identified the +0 long sword of Poybby {freeze, rElec rF+
                  | MP+9}
 52180 | Vaults:5 | Noticed a dread lich
 52180 | Vaults:5 | Noticed an ancient lich
 52192 | Vaults:5 | Killed a dread lich
 52194 | Vaults:5 | Killed a golden dragon
 52199 | Vaults:5 | Noticed an ancient lich
 52200 | Vaults:5 | Killed a dread lich
 52217 | Vaults:4 | Slain by a titan

Illustrated notes

Levels and vault maps discovered:
D:1:      spicycebolla_arrival_transporter_tutorial, layout_loops_corners,
          serial_shops, nicolae_square_shop, nicolae_kite_square_tiling_tiny
D:2:      layout_loops_ring
D:3:      layout_basic, led_sif_book, biasface_ghost_orc_armoury,
          nicolae_concentric_dashed_squares_wild, chequers_decorated_corner,
          minmay_misc_feat_nine_boxes, hangedman_feature_mirror,
          grunt_decor_junction
D:4:      layout_basic, nicolae_ossuary_entry_monument, grunt_ministairs_2,
          uniq_grinder, uniq_pikel, uniq_robin, uniq_eustachio
D:5:      layout_basic, serial_shops, shop, uniq_menkaure
D:6:      layout_cave_pools, serial_bayou, serial_bayou_shore_b,
          serial_bayou_pond_c, serial_bayou_shore_b, serial_bayou_ford_a,
          kennysheep_generic_room_8
D:7:      minmay_blocky_corners, layout_loops_ring,
          minmay_temple_entry_proselytizer, kennysheep_another_room,
          chequers_garden, uniq_duvessa
D:8:      layout_loops_ring
D:9:      minmay_polygon_palace, layout_long_grid, hellmonk_lair_entry_icy,
          serial_rivers, chequers_serial_rivers_micro_b,
          chequers_serial_rivers_micro_e, chequers_serial_rivers_marsh,
          chequers_serial_rivers_small_3, chequers_serial_rivers_micro_c,
          serial_shops, shop, blue_anna_alchemist
D:10:     layout_basic, uniq_snorg
D:11:     layout_irregular_city, david_orc_3, xom_shifter_show
D:12:     layout_irregular_city, ebering_ghost_reflecting_pool,
          minmay_misc_feat_chi, grunt_qazlal_sundering
D:13:     layout_loops_ring, david_vaults_2
D:14:     kennysheep_kobold_grotto, layout_rooms, chequers_serial_rivers_room_a,
          jiyva_altar_1
D:15:     hangedman_depths_entry_try_elsewhere_first, layout_rooms,
          portal_ice_cave_entry_pillars_1, tso_metal_star
Lair:1:   layout_regular_city, nicolae_volcano_entry_vermiform,
          beast_lair_carwin_2
Lair:2:   layout_cellular_growth, nicolae_swamp_entry_splash_gauntlet,
          grunt_megastairs_1, uniq_amaemon
Lair:3:   layout_cave_shapes, spider_nest_entry_webs, minivault_23,
          amcnicky_mini_pool_medium, infiniplex_staircase_pool, uniq_fannar
Lair:4:   layout_cave_pods, gammafunk_ghost_necromancy, grunt_megastairs_5,
          uniq_urug
Lair:5:   hangedman_lair_caniforms_friends, layout_long_grid, wormcave,
          slime_entry_1, uniq_nessos
Swamp:1:  nicolae_swamp_flooded_prison, layout_falls_marsh,
          evilmike_swamp_ruin_rubble_2
Swamp:2:  layout_basic_swamp, evilmike_swamp_ruin_house_6, swamp_pool3,
          uniq_nikola, uniq_kirke
Swamp:3:  layout_basic_swamp, evilmike_swamp_ruin_house_5, swamp_pool4
Swamp:4:  swamp_vile, layout_basic_swamp
Spider:1: layout_spider_delve, uniq_roxanne, uniq_donald
Spider:2: lemuel_spider_zombies, ebering_ghost_rock_garden, uniq_asterion
Spider:3: layout_spider_delve, hive_lemuel
Spider:4: guppyfry_spider_rune, uniq_arachne
Orc:1:    layout_caves, basic_altar, gammafunk_ghost_stat_death, serial_shops,
          nicolae_shop_drivethru, nicolae_orc_rockfall, nicolae_shop_vocational
Orc:2:    st_orc_rangers, layout_diamond_mine, gauntlet_entry_generic,
          basic_altar, uniq_jorgrun, uniq_erolcha, uniq_josephine
Vaults:1: ontoclasm_vaults_eye, grunt_vaults_funnel, vaults_room_grid,
          nicolae_vaults_quadrants, nicolae_vaults_yaktaur_gun_rack,
          ontoclasm_vaults_claustrophobia, hangedman_vaults_locks,
          ontoclasm_vaults_tryst, ontoclasm_vaults_chip,
          nicolae_vaults_oval_intersection, v_misc_28, ontoclasm_vaults_twist,
          layout_vaults_omnibox, serial_shops, shop,
          nicolae_trove_entry_isolated, uniq_aizul
Vaults:2: ontoclasm_vaults_ring_small, nicolae_vaults_network_star,
          vaults_dpeg_encased_lava, nicolae_vaults_cochlea,
          minmay_crypt_entry_nasty_monster, nicolae_vaults_little_ls,
          nicolae_vaults_heart-shaped_vault, nicolae_vaults_specimen_jars,
          vaults_room_ringed_pool, nicolae_vaults_tetromino_Z_1,
          nicolae_vaults_crenellated_ambush, layout_vaults_quadrants
Vaults:3: vaults_standard_mumra_lines, nicolae_vaults_oval_intersection,
          nicolae_vaults_apartment_1, gammafunk_sealed_arena, v_rooms_6,
          nicolae_vaults_border_crossing, grunt_vaults_trifunnel, v_misc_4,
          vaults_mumra_chevron_long, nicolae_vaults_oval_intersection,
          vaults_room_door_hall, nicolae_vaults_little_squares_4,
          nicolae_vaults_tetromino_L_1, layout_vaults_omnicross
Vaults:4: nicolae_vaults_offset_grid_hallway_4, hangedman_vaults_stitches,
          nicolae_vaults_diamond_2, v_rooms_2, hangedman_vaults_unwind,
          st_check, hangedman_vaults_restitches, vaults_mumra_chevron,
          nicolae_vaults_network_square, hangedman_vaults_restitches,
          nicolae_vaults_house_3, nicolae_vaults_house_1, layout_vaults_ring,
          serial_shops, bzr_entry_dummy, uniq_xtahua, uniq_sojobo
Vaults:5

Skill      XL: |  1  2  3  4  5  6  7  8  9 10 11 12 13 14 15 16 17 18 19 20 21 |
---------------+----------------------------------------------------------------+-----
Fighting       | 4 6 8 9 10 11 12 14 15 16 17 18 19 20 21 22 | 22.1
Axes           | 4 5 6 7 9 10 11 12 14 15 16 17 18 19 20 21 22 | 22.1
Armour         | 3 5 6 7 8 10 11 12 14 16 18 19 20 21 22 23 | 23.9
Dodging        | 3 4 5 6 8 9 10 11 12 13 14 15 16 17 18 19 20 | 20.3
Shields        | 4 6 8 10 11 13 14 15 16 17 18 19 20 | 20.9

Action                     |  1- 3 |  4- 6 |  7- 9 | 10-12 | 13-15 | 16-18 | 19-21 || total
---------------------------+-------+-------+-------+-------+-------+-------+-------++-------
  Melee: Hand axe          |    83 |    33 |       |       |       |       |       ||   116
         Headbutt          |    11 |     8 |    53 |   106 |   302 |   433 |   289 ||  1202
         War axe           |       |    17 |   283 |   520 |  1303 |  1455 |   948 ||  4526
         Spear             |       |     9 |       |       |       |       |       ||     9
         Punch             |       |       |     2 |       |       |       |       ||     2
         Unarmed           |       |       |       |       |       |     9 |       ||     9
  Throw: Dart              |       |       |     3 |       |       |    14 |    15 ||    32
         Throwing net      |       |       |     1 |       |       |       |       ||     1
 Invoke: Berserk           |     1 |     2 |    11 |    17 |    20 |    18 |    11 ||    80
         Brothers in Arms  |       |       |       |     1 |     5 |     7 |     5 ||    18
         Trog's Hand       |       |       |       |     1 |     5 |     7 |     3 ||    16
  Evoke: Wand              |       |       |       |       |       |     1 |       ||     1
    Use: Scroll            |       |       |     7 |       |    22 |     4 |       ||    33
   Stab: Petrified         |       |       |       |       |     3 |       |       ||     3
         Petrifying        |       |       |       |       |     1 |       |       ||     1
         Distracted        |       |       |       |       |     2 |     2 |     1 ||     5
         Confused          |       |       |       |       |       |     1 |       ||     1
 Armour: Animal skin       |    12 |     5 |       |       |       |       |       ||    17
         Ring mail         |       |    10 |    27 |       |       |       |       ||    37
         Scale mail        |       |       |    16 |       |       |       |       ||    16
         Chain mail        |       |       |    43 |   115 |       |       |       ||   158
         Plate armour      |       |       |       |    85 |   587 |   740 |   366 ||  1778
  Dodge: Dodged            |    50 |    37 |   118 |   235 |   528 |   484 |   202 ||  1654
         Repelled          |       |       |       |     7 |       |       |       ||     7
  Block: Other             |       |     4 |    39 |       |       |     5 |       ||    48
         Reflection        |       |       |     5 |    21 |    62 |    36 |    80 ||   204
         Buckler           |       |       |    57 |   339 |   988 |   234 |       ||  1618
         Tower shield      |       |       |       |       |       |   531 |       ||   531
         Kite shield       |       |       |       |       |       |  1196 |  1252 ||  2448
